Description

db learning

Replay - TJTEACHINGDB

Build Order

Get SALT Encoding   

  12  0:00  Drone  
  13  0:12  Overlord  
  13  0:16  Drone  
  14  0:30  Drone x2  
  16  0:47  Hatchery  
  15  0:51  Drone x2  
  17  0:57  Drone  
  18  1:08  Extractor  
  17  1:13  Spawning Pool  
  17  1:16  Drone x2  
  18  1:27  Drone  
  21  1:59  Queen x2  
  21  2:00  Overlord  
  25  2:01  Zergling x2  
  26  2:12  Metabolic Boost  
  30  2:34  Hatchery  
  29  2:39  Queen  
  29  2:42  Zergling x4  
  33  2:48  Overlord  
  36  3:03  Overlord  
  40  3:16  Queen  
  44  3:30  Spore Crawler x2  
  47  3:49  Queen  
  47  3:51  Spore Crawler  
  48  4:05  Lair  
  48  4:08  Extractor x2  
  49  4:11  Overlord, Roach Warren  
  63  5:01  Roach x8  
  63  5:06  Glial Reconstitution  
  79  5:11  Evolution Chamber  
  79  5:22  Hatchery  
  88  5:30  Hydralisk Den, Extractor  
  89  5:38  Zerg Missile Weapons Level 1  
  90  5:50  Extractor x2  
  95  6:15  Muscular Augments, Hydralisk x5  
  116  6:36  Infestation Pit  
  116  6:37  Lurker Den  
  114  6:50  Extractor x2  
  114  6:53  Hydralisk x5  
  130  7:22  Hive  
  130  7:24  Spire  
  130  7:26  Grooved Spines  
  130  7:29  Roach x2  
  155  7:42  Zerg Missile Weapons Level 2  
  155  7:55  Hatchery  
  198  8:34  Adaptive Talons  
  198  8:44  Overseer  
  198  8:47  Greater Spire  
  198  8:50  Spire  
Spawning Tool Build Advisor. Get it on Overwolf

Go to:

Details

  • Created by: deathsbane  
  • Published on: Sep 18, 2020
  • Modified on: Sep 18, 2020
  • Patch: 4.11.0
  • Difficulty: Easy
Show
View Real Time Build Order
Export as new Build Order

Comments (0)

There are no comments. Be the first!

Create an account to comment!